 Dungeon Crawl Stone Soup version 0.26.0-10-g1f06aea511 (webtiles) character file.

Game seed: 11654211307150770683

199 Ladykiller69 the Slasher (level 5, -6/49 HPs)
             Began as a Palentonga Fighter on Feb 2, 2021.
             Was a Believer of Qazlal.
             Mangled by Blork the orc
             ... wielding a +0 halberd
              (11 damage)
             ... on level 4 of the Dungeon.
             The game lasted 00:07:55 (2442 turns).

Ladykiller69 the Slasher (Palentonga Fighter)       Turns: 2442, Time: 00:07:56

Health: -6/49      AC:  9    Str: 20    XL:     5   Next: 48%
Magic:  2/5        EV:  5    Int:  8    God:    Qazlal [**....]
Gold:   139        SH: 11    Dex: 10    Spells: 4/4 levels left

rFire    . . .     SeeInvis +   a - +0 long sword
rCold    . . .     Faith    .   c - +0 kite shield
rNeg     . . .     Spirit   .   b - +0 scale mail
rPois    .         Reflect  .   p - +1 hat
rElec    .         Harm     .   (no cloak)
rCorr    .         Rampage  .   q - +0 pair of gloves
Will     .....                  (no barding)
Stlth    ..........             (no amulet)
HPRegen  0.16/turn              (no ring)
MPRegen  0.09/turn              (no ring)

@: no status effects
A: large, rugged brown scales 3, see invisible, deformed body, roll 1, armoured
tail
a: Rolling Charge, Renounce Religion, Upheaval


You were on level 4 of the Dungeon.
You worshipped Qazlal.
Qazlal was pleased with you.
You visited 1 branch of the dungeon, and saw 4 of its levels.

You collected 139 gold pieces.

Inventory:

Hand Weapons
 a - a +0 long sword (weapon)
Armour
 b - a +0 scale mail (worn)
 c - a +0 kite shield (worn)
 p - a +1 hat (worn)
 q - a +0 pair of gloves (worn)
Jewellery
 j - an uncursed ring of ice {unknown}
 o - a cursed amulet of inaccuracy {unknown}
 v - an uncursed ring of flight {unknown}
 x - an uncursed ring of fire {unknown}
Wands
 u - a wand of enslavement (3)
Scrolls
 f - 2 scrolls of magic mapping {unknown}
 g - 4 scrolls of enchant weapon {unknown}
 k - 3 scrolls of teleportation {unknown}
 l - a scroll of fog {unknown}
 m - 5 scrolls of identify {unknown}
 n - 2 scrolls of noise {unknown}
 t - a scroll of remove curse {unknown}
 y - a scroll of blinking {unknown}
Potions
 d - a potion of might
 e - 2 potions of magic {unknown}
 h - a potion of lignification {unknown}
 i - a potion of brilliance {unknown}
 r - 2 potions of attraction {unknown}
 s - a potion of degeneration {unknown}
 w - a potion of ambrosia {unknown}
 z - a potion of mutation {unknown}


   Skills:
 + Level 3.8 Fighting
 * Level 3.9 Long Blades
 + Level 3.2 Armour
 + Level 3.1 Shields


You had 4 spell levels left.
You didn't know any spells.
Your spell library contained the following spells:

 Spells                   Type           Power        Failure   Level
 Poisonous Vapours        Pois/Air       0%           100%        2
 Conjure Flame            Conj/Fire      0%           100%        3
 Mephitic Cloud           Conj/Pois/Air  0%           100%        3
 Freezing Cloud           Conj/Ice/Air   0%           100%        6


Dungeon Overview and Level Annotations

Branches:
Dungeon (4/15)
 Temple: D:4-7

Altars:
Hepliaklqana
Qazlal
Vehumet

Annotations:
D:4 Blork the orc, Edmund


Innate Abilities, Weirdness & Mutations

You are completely covered in rugged brown scales. (AC +3, +7% HP)
You have supernaturally acute eyesight. (SInv)
Armour fits poorly on your strangely shaped body.
You can roll at nearby foes to attack.
You have a long armoured tail.


Message History

You hear a shout!
Blork the orc hits you with a +0 halberd!
* * * LOW HITPOINT WARNING * * *
The orc hits you but does no damage.
An orc comes into view.
The orc hits you.
* * * LOW HITPOINT WARNING * * *
Blork the orc hits you but does no damage.
The orc wizard hits you with a +0 dagger.
* * * LOW HITPOINT WARNING * * *
You slash the orc!
You kill the orc!
Qazlal accepts your kill.
You feel less confused. You block Blork the orc's attack.
The orc hits you but does no damage. The orc wizard barely misses you.
You riposte.
You barely miss the orc wizard.
The orc wizard is severely wounded.
You block Blork the orc's attack.
Blork the orc hits you from afar with a +0 halberd!
You die...

#.## #o.# #... #..# . ...
#..# .. #(# #..#
...###Z###############..#
.......>..oo.o..o)..o.@.#
.......###############..#
...........######## ##.#
#####.........oo@.#####.#####
###.......ยง.o.#.........#
#...o........<....o...#
#....o......#.........#
#.###########.........# #.#
#.........# ..# #.........#
#. #..<......# ###########


You could see Blork the orc (fast), 2 orc wizards and 2 orcs.

Vanquished Creatures
  A bullfrog zombie (D:3)
  An orc wizard (D:3)
  Terence (D:3)
  Robin (D:3)
  3 adders
  2 worms
  3 leopard geckos
  5 orcs
  2 bats
  3 giant cockroaches
  9 goblins
  8 hobgoblins
  2 jackals (D:2)
  A quokka (D:3)
  A ball python (D:3)
  3 frilled lizards
  11 kobolds
  4 rats
61 creatures vanquished.

Vanquished Creatures (others)
  18 plants (D:2)
18 creatures vanquished.

Grand Total: 79 creatures vanquished

Notes
Turn   | Place    | Note
-------+----------+-------------------------------------------
     0 | D:1      | Ladykiller69 the Palentonga Fighter began the quest for the
                  | Orb.
     0 | D:1      | Reached XP level 1. HP: 20/20 MP: 1/1
   630 | D:1      | Reached XP level 2. HP: 27/27 MP: 2/2
   949 | D:2      | Reached XP level 3. HP: 24/33 MP: 3/3
  1585 | D:2      | Found a faded altar of an unknown god.
  1607 | D:2      | Became a worshipper of Qazlal Stormbringer
  1607 | D:2      | Reached * piety under Qazlal
  1735 | D:2      | Found a hazy altar of Hepliaklqana.
  1852 | D:3      | Reached XP level 4. HP: 36/40 MP: 4/4
  1934 | D:3      | Identified the cursed +0 helmet of the Loofah {rElec rPois
                  | Int-5}
  1934 | D:3      | Noticed Robin
  1941 | D:3      | Noticed Terence
  1944 | D:3      | Killed Robin
  1969 | D:3      | Killed Terence
  1970 | D:3      | Reached XP level 5. HP: 46/49 MP: 5/5
  2036 | D:3      | Found a radiant altar of Vehumet.
  2135 | D:3      | Reached ** piety under Qazlal
  2390 | D:4      | Noticed Edmund
  2390 | D:4      | Noticed Blork the orc
  2442 | D:4      | Mangled by Blork the orc

Illustrated notes

Levels and vault maps discovered:
D:1:      minmay_arrival_jagged, layout_basic, minmay_tiny_reverse_x
D:2:      layout_loops_ring, nzn_hepliaklqana_mist_gate, serial_bayou,
          serial_bayou_shore_a, serial_bayou_crossing, serial_bayou_lagoon_a,
          serial_bayou_pond_b, chequers_ecumenical_altar_simple_redux
D:3:      layout_rooms, fiery_altar_vehumet, uniq_robin, uniq_terence
D:4:      layout_rooms, uniq_edmund, uniq_blork_the_orc

Skill      XL: |  1  2  3  4 |
---------------+-------------+-----
Long Blades    | 3 |  3.9
Armour         | 3 |  3.2
Shields        | 3 |  3.1
Fighting       | |  3.8

Action                   |  1- 3 |  4- 6 || total
-------------------------+-------+-------++-------
Melee: Long sword        |   115 |    95 ||   210
       Tailslap          |    14 |    11 ||    25
Invok: Upheaval          |       |     1 ||     1
 Abil: Rolling Charge    |     8 |     5 ||    13
Armor: Scale mail        |    66 |    38 ||   104
Dodge: Dodged            |    23 |    18 ||    41
Block: Kite shield       |    48 |    53 ||   101
       Rpst.: Long sword |     7 |     5 ||    12
